 Dungeon Crawl Stone Soup version 0.29.0-11-gd7f09526c8 (webtiles) character file.

Game seed: 10940739146290925950

147 Shayle the Sneak (level 5, -1/45 HPs)
             Began as a Naga Ice Elementalist on Sept 6, 2022.
             Slain by an iguana (7 damage)
             ... on level 3 of the Dungeon.
             The game lasted 00:09:33 (2602 turns).

Shayle the Sneak (Naga Ice Elementalist)            Turns: 2602, Time: 00:09:33

Health: -1/45      AC:  3    Str: 10    XL:     5   Next: 29%
Magic:  6/9        EV: 10    Int: 18    God:
Gold:   164        SH:  0    Dex: 11    Spells: 5/9 levels left

rFire   + . .      SeeInvis +   k - +1 dagger (holy)
rCold   + . .      Faith    .   (no shield)
rNeg    . . .      Spirit   .   a - +0 robe
rPois   +          Reflect  .   (no helmet)
rElec   +          Harm     .   (no cloak)
rCorr   +          Rampage  .   d - +0 pair of gloves
Will    .....                   (no barding)
Stlth   +++.......              (no amulet)
HPRegen 0.15/turn               (no ring)
MPRegen 0.11/turn               (no ring)

@: resistant, freezing walls, attractive, invisible, very slow
A: AC +1, large, see invisible, deformed body, poison resistance, slowness 2,
spit poison 1, naga tail 1
a: Spit Poison


You were on level 3 of the Dungeon.
You visited 1 branch of the dungeon, and saw 3 of its levels.

You collected 164 gold pieces.

Inventory:

Hand Weapons
 k - a +1 dagger of holy wrath (weapon)
Missiles
 i - 5 curare-tipped darts
Armour
 a - a +0 robe (worn)
 d - a +0 pair of gloves (worn)
Scrolls
 c - a scroll of blinking {unknown}
 h - a scroll of enchant armour {unknown}
 j - a scroll of fear {unknown}
 l - 2 scrolls of immolation
 m - a scroll of identify {unknown}
Potions
 b - a potion of lignification {unknown}
 e - a potion of heal wounds {unknown}
 g - a potion of might
 n - a potion of curing {unknown}
 q - a potion of brilliance {unknown}


   Skills:
 + Level 1.9 Fighting
 + Level 2.4 Dodging
 + Level 4.6 Stealth
 + Level 2.7 Spellcasting
 + Level 4.5 Ice Magic


You had 5 spell levels left.
You knew the following spells:

 Your Spells              Type           Power      Damage    Failure   Level
a - Freeze                Ice            72%        1d9       2%          1
b - Frozen Ramparts       Ice            36%        1d6       8%          3

Your spell library contained the following spells:

 Spells                   Type           Power      Damage    Failure   Level
 Ozocubu's Armour         Ice            18%        N/A       8%          3
 Hailstorm                Conj/Ice       10%        3d5       54%         4


Dungeon Overview and Level Annotations

Branches:
Dungeon (3/15)

Altars:


Innate Abilities, Weirdness & Mutations

Your serpentine skin is tough. (AC +1)
You have supernaturally acute eyesight. (SInv)
Armour fits poorly on your strangely shaped body.
Your system is resistant to poisons. (rPois)
You cover ground very slowly.
You can spit poison.
You have a snake-like lower body.


Message History

You now have 147 gold pieces (gained 11).
q - a silvery potion You now have 164 gold pieces (gained 17).
Things that are here:
a +0 flail; a +0 whip
Things that are here:
a +0 dagger; a +0 halberd
Items here: ))) [.
An iguana comes into view.
The iguana hisses angrily.
The iguana closely misses you.
You hit the iguana but do no damage. The iguana bites you!
You hit the iguana but do no damage. The iguana bites you.
You hit the iguana.
The iguana is lightly wounded.
The iguana barely misses you.
You hit the iguana.
The iguana is lightly wounded.
The iguana bites you!
You barely miss the iguana.
The iguana is lightly wounded.
The iguana bites you.
It was a potion of attraction.
You feel attractive to monsters. The iguana bites you!
* * * LOW HITPOINT WARNING * * *
It was a potion of invisibility.
You fade into invisibility!
The iguana barely misses you.
It was a potion of resistance.
You feel protected. The iguana barely misses you.
Casting: Frozen Ramparts (dangerous; 8% risk of failure)
Confirm with . or Enter, or press ? or * to list all spells.
Casting: Frozen Ramparts (dangerous; 8% risk of failure)
Press: ? - help, Dir - look around, f - activate The walls around you are covered in ice.
The wall freezes the iguana.
The iguana seems to slow down.
The iguana bites you!
You die...

## .. #######
#....# #....#
#..######
#>...#
#...l@.####
#....#
######....###
#....##
###....#
#...... #....#
##....<#
#....###.......
#......#.......
##...#.........
#.............
##.............


You could see an iguana (unable to see you, slow).

Vanquished Creatures
  3 gnolls (D:3)
  5 adders
  A worm (D:3)
  A dart slug (D:1)
  6 orcs (D:3)
  8 endoplasms
  5 giant cockroaches
  4 hobgoblins
  A quokka (D:3)
  6 ball pythons
  5 bats
  8 goblins
  3 kobolds
  6 rats
62 creatures vanquished.

Notes
Turn   | Place    | Note
-------+----------+-------------------------------------------
     0 | D:1      | Shayle the Naga Ice Elementalist began the quest for the
                  | Orb.
     0 | D:1      | Reached XP level 1. HP: 15/15 MP: 3/3
   234 | D:1      | Reached XP level 2. HP: 24/24 MP: 5/5
   332 | D:1      | Found a faded altar of an unknown god.
  1012 | D:1      | Reached XP level 3. HP: 30/30 MP: 3/6
  1071 | D:1      | Reached skill level 1 in Fighting
  1254 | D:2      | Learned a level 3 spell: Frozen Ramparts
  1332 | D:2      | Reached XP level 4. HP: 22/38 MP: 3/7
  1986 | D:3      | Reached XP level 5. HP: 13/45 MP: 0/8
  2602 | D:3      | Slain by an iguana

Illustrated notes

Levels and vault maps discovered:
D:1:      dpeg_arrival_long_road, layout_loops_cross,
          shapermc_ecumenical_altar_venn
D:2:      layout_rooms, chequers_mini_garden
D:3:      layout_rooms, roderic_lattice_a

Skill      XL: |  1  2  3  4 |
---------------+-------------+-----
Fighting       | 1 |  1.9
Dodging        | 2 |  2.4
Stealth        | 4 |  4.6
Spellcasting   | |  2.7
Ice Magic      | |  4.5

Action                   |  1- 3 |  4- 6 || total
-------------------------+-------+-------++-------
Melee: Unarmed           |    20 |    25 ||    45
       Punch             |       |     1 ||     1
       Dagger            |       |     6 ||     6
 Cast: Freeze            |    26 |    11 ||    37
       Frozen Ramparts   |     1 |     7 ||     8
 Abil: Spit Poison       |    28 |     9 ||    37
  Use: Potion            |       |     7 ||     7
       Scroll            |       |     1 ||     1
 Stab: Sleeping          |     1 |     1 ||     2
Armor: Robe              |    20 |     9 ||    29
Dodge: Dodged            |    42 |    24 ||    66
